AoeStats
← zamithdaniel

Fortress

507411676Analyzed
3v3 RM · 15d ago on Sep 18, 2026· 39m 34s· 6 players
Game mode
Random Map
Map size
Large (8 player)
Population
200
Speed
Normal
Resources
Standard
Victory
Conquest
Starting age
Dark Age
Ending age
Imperial Age
RankedLock teamsTeams togetherTeam positionsShared explorationLock speedFull tech treeHidden civsTurbo modeCheats
Victory
Defeat
🇺🇸 Vietnamese · United States
975
+15
🇨🇴 Turks · Colombia
972
+15
🇳🇱 Italians · Netherlands
952
+16
🇲🇽 Bohemians · Mexico
1018
-18
🇲🇽 Spanish · Mexico
926
-14
🇲🇽 Italians · Mexico
922
-14
Sm0k1nG040
8:37 Feudal Age
9:01 Loom
12:24 Castle Age
12:29 Wheelbarrow
12:10 Double-Bit Axe
12:10 Horse Collar
14:10 Bow Saw
15:15 Heavy Plow
17:29 Gold Mining
18:55 Stone Mining
24:23 Imperial Age
23:55 Hand Cart
23:33 Fletching
23:45 Padded Archer Armor
25:15 Bodkin Arrow
25:41 Scale Barding Armor
25:47 Forging
27:11 Crop Rotation
28:03 Chemistry
27:29 Ballistics
27:33 Chain Barding Armor
27:55 Iron Casting
28:42 Two-Man Saw
28:47 Stone Shaft Mining
28:31 Crossbowman
29:50 Plate Barding Armor
29:18 Bracer
29:35 Leather Archer Armor
30:00 Conscription
30:20 Caravan
30:52 Arbalester
32:09 Husbandry
32:21 Bloodlines
31:46 Cavalier
33:16 Silk Road
34:20 Blast Furnace
33:56 Ring Archer Armor
36:34 Thumb Ring
38:09 Light Cavalry
zamithdaniel
6:29 Feudal Age
13:04 Castle Age
11:45 Double-Bit Axe
12:53 Horse Collar
15:03 Bow Saw
21:39 Heavy Plow
26:10 Imperial Age
26:19 Wheelbarrow
25:30 Town Watch
25:30 Loom
28:03 Hand Cart
28:14 Conscription
27:56 Artillery
28:43 Elite Janissary
29:52 Padded Archer Armor
30:02 Forging
29:58 Scale Barding Armor
33:29 Leather Archer Armor
35:18 Gold Mining
35:22 Stone Mining
36:21 Ring Archer Armor
36:27 Iron Casting
36:13 Chain Barding Armor
37:08 Gold Shaft Mining
Vanimal17
6:57 Feudal Age
9:43 Double-Bit Axe
9:40 Horse Collar
14:36 Castle Age
15:32 Heavy Plow
15:43 Bow Saw
16:30 Gold Mining
17:19 Loom
18:10 Wheelbarrow
17:20 Town Watch
17:54 Stone Mining
27:52 Imperial Age
26:27 Stone Shaft Mining
26:04 Fletching
26:15 Padded Archer Armor
26:54 Bodkin Arrow
27:44 Leather Archer Armor
28:06 Ballistics
27:27 Treadmill Crane
28:31 Hand Cart
28:36 Bracer
29:01 Paper Money
29:48 Two-Man Saw
29:21 Crop Rotation
30:37 Chemistry
30:11 Ring Archer Armor
29:58 Elite Rattan Archer
32:45 Siege Engineers
35:14 Elite Skirmisher
36:00 Thumb Ring
Sotelo of Empires
9:59 Feudal Age
13:48 Castle Age
11:44 Double-Bit Axe
11:52 Horse Collar
15:08 Gold Mining
15:23 Loom
15:55 Heavy Plow
17:22 Fletching
17:33 Padded Archer Armor
21:18 Stone Mining
26:55 Imperial Age
24:51 Ballistics
26:06 Scale Mail Armor
26:22 Leather Archer Armor
26:05 Bodkin Arrow
28:44 Chemistry
28:03 Thumb Ring
28:31 Ring Archer Armor
29:06 Bow Saw
29:36 Stone Shaft Mining
38:28 Elite Genoese Crossbowman
ulisotelo87
8:22 Feudal Age
10:44 Double-Bit Axe
13:41 Castle Age
15:26 Gold Mining
20:18 Wheelbarrow
19:46 Stone Mining
26:21 Imperial Age
23:36 Horse Collar
24:55 Ballistics
29:26 Chemistry
29:38 Hand Cart
32:01 Elite Conquistador
frijogtz
8:00 Feudal Age
9:41 Loom
12:29 Castle Age
14:00 Double-Bit Axe
14:56 Horse Collar
19:23 Town Watch
20:19 Wheelbarrow
26:29 Imperial Age
27:01 Chemistry
26:29 Hand Cart
27:31 Hussite Reforms
27:57 Bow Saw
29:24 Ballistics
29:49 Redemption
29:56 Fervor
30:04 Block Printing
30:20 Illumination
30:24 Sanctity
31:04 Murder Holes
31:20 Masonry
32:32 Town Patrol
32:34 Fletching
34:44 Houfnice
Connection lost

Rejoining the realm…

Still unreachable

The connection could not be restored.

Session expired

The server has moved on; the page needs a fresh start.